 Dungeon Crawl Stone Soup version 0.31-a0-237-g2d982f9f85 (webtiles) character file.

Game seed: 12926236202627294946

23 qw the Shooter (level 2, -1/24 HPs)
             Began as a Minotaur Hexslinger on July 11, 2023.
             Slain by an orc wizard
             ... wielding a +0 dagger
              (3 damage)
             ... on level 2 of the Dungeon.
             The game lasted 00:00:19 (872 turns).

qw the Shooter (Minotaur Hexslinger)                 Turns: 872, Time: 00:00:20

Health: -1/24      AC: 12    Str: 12    XL:     2   Next: 72%
Magic:  2/2        EV: 10    Int: 10    God:
Gold:   43         SH:  0    Dex: 12    Spells: 2/3 levels left

rFire   . . .        Y - +1 sling
rCold   . . .        (no shield)
rNeg    . . .        l - +0 ring mail
rPois   .            (helmet restricted)
rElec   .            (no cloak)
rCorr   .            j - +2 pair of gloves
SInv    .            (no boots)
Will    .....        (no amulet)
Stlth   +            f - +4 ring of protection
HPRegen 0.24/turn    (no ring)
MPRegen 0.08/turn

%: no passive effects
@: no status effects
A: horns 2, retaliatory headbutt
a: no special abilities


You were on level 2 of the Dungeon.
You visited 1 branch of the dungeon, and saw 2 of its levels.

You collected 43 gold pieces.


Innate Abilities, Weirdness & Mutations

You have a pair of horns on your head.
You reflexively headbutt those who attack you in melee.


   Skills:
 - Level 2.0 Fighting
 + Level 3.3 Ranged Weapons
 - Level 2.1 Dodging
 - Level 1.0 Spellcasting
 - Level 2.0 Hexes


You had 2 spell levels left.
You knew the following spells:

 Your Spells              Type           Power      Damage    Failure   Level
a - Slow                  Hex            16%        N/A       34%         1

Your spell library contained the following spells:

 Spells                   Type           Power      Damage    Failure   Level
 Inner Flame              Hex/Fire       2%         N/A       83%         3
 Portal Projectile        Hex/Tloc       4%         N/A       83%         3
 Cause Fear               Hex            2%         N/A       98%         4

Inventory:

Hand Weapons
 Y - a +1 sling (weapon)
Armour
 j - a +2 pair of gloves (worn)
 l - a +0 ring mail (worn)
Jewellery
 b - an amulet of faith
 f - a +4 ring of protection (left hand)
Scrolls
 a - a scroll of identify
Potions
 e - a potion of enlightenment {unknown}
 g - a potion of degeneration {unknown}
 h - a potion of cancellation {unknown}
 i - a potion of might {unknown}
 m - a potion of attraction {unknown}

Dungeon Overview and Level Annotations

Branches:
Dungeon (2/15)

Altars:


Message History

The orc wizard gestures at you while chanting.
You are confused.
The orc wizard hits you but does no damage.
The orc wizard hits you with a +0 dagger.
The orc wizard hits you but does no damage.
The orc wizard hits you but does no damage. x2
The orc wizard completely misses you.
The orc wizard mumbles some strange words.
The orc wizard flickers and vanishes!
Deactivating autopickup; reactivate with Ctrl-A.
The orc wizard hits you but does no damage.
Something hits you but does no damage.
You feel less confused.
The orc wizard gestures at you while chanting.
You are confused.
Something hits you but does no damage.
The orc wizard hits you with a +0 dagger.
A black bear comes into view.
Something hits you but does no damage.
You hear some strange, mumbled words.
Something tries to affect you, but you resist.
The orc wizard barely misses you. The orc wizard barely misses you.
Something hits you but does no damage. Something hits you.
The black bear bites you.
The black bear claws you but does no damage.
The black bear closely misses you.
The orc wizard hits you but does no damage.
The black bear bites you but does no damage.
The black bear claws you but does no damage. x2
The orc wizard closely misses you. Something hits you but does no damage.
The orc wizard hits you but does no damage.
The black bear closely misses you. The black bear claws you.
The black bear claws you but does no damage.
You hear some strange, mumbled words.
Something tries to affect you, but you resist.
You feel less confused. The black bear bites you. The black bear claws you. x2
The orc wizard hits you but does no damage.
Something hits you.
You die...

... # #.. ?. #.#
.. ... #.##.##
..r.
#.#####o#######
.###
......{@......#
...
#.######h####.#
..#
##.####.###..#
#........[...#
#..##.#.##...#
#..##......#.#.##
#........<.......
#.#########.####.
#. #


You could see a black bear, an orc wizard and a rat.

Vanquished Creatures
  An orc (D:2)
  2 ball pythons (D:1)
  An endoplasm (D:2)
  A giant cockroach (D:1)
  3 hobgoblins (D:1)
  3 jackals (D:1)
  A bat (D:2)
  A frilled lizard (D:1)
  4 kobolds (D:1)
  4 rats (D:1)
21 creatures vanquished.

Notes
Turn   | Place    | Note
-------+----------+-------------------------------------------
     0 | D:1      | qw the Minotaur Hexslinger began the quest for the Orb.
     0 | D:1      | Reached XP level 1. HP: 16/16 MP: 1/1
     0 | D:1      | 0 ||| qw: Version: 0.3-a-52-g30416fa
     0 | D:1      | 0 ||| qw: Game counter: 5663
     0 | D:1      | 0 ||| qw: Melee chars always use a shield: true
     0 | D:1      | 0 ||| qw: God list: Okawaru
     0 | D:1      | 0 ||| qw: Allow faded altars: false
     0 | D:1      | 0 ||| qw: Do Orc after clearing Dungeon:15 true
     0 | D:1      | 0 ||| qw: Do second Lair branch before Depths: true
     0 | D:1      | 0 ||| qw: Lair rune preference: random
     0 | D:1      | 0 ||| qw: Goals: Normal
     0 | D:1      | 0 ||| PLANNING D:1-11
   105 | D:1      | Reached skill level 3 in Ranged Weapons
   148 | D:1      | Found a faded altar of an unknown god.
   204 | D:1      | Reached XP level 2. HP: 23/23 MP: 2/2
   770 | D:1      | 770 ||| UPGRADING to +2 pair of gloves.
   775 | D:1      | 775 ||| UPGRADING to +0 ring mail.
   785 | D:1      | 785 ||| DROPPING +0 robe.
   786 | D:1      | 786 ||| UPGRADING to +4 ring of protection.
   787 | D:1      | 787 ||| READING 2 scrolls labelled KEASAOMMAE.
   788 | D:1      | 788 ||| READING scroll labelled IPPOAM WEVUMEF.
   789 | D:1      | 789 ||| DROPPING scroll of poison.
   866 | D:2      | Noticed a black bear
   872 | D:2      | HP: 6/24 [black bear (2)]
   872 | D:2      | HP: 2/24 [black bear (1)]
   872 | D:2      | Slain by an orc wizard

Levels and vault maps discovered:
D:1:      lightli_arrival_farm, layout_loops_ring, shapermc_ecumenical_altar_gd,
          solitary_fountain, grunt_decor_cap
D:2:      layout_loops_cross, minmay_strange_pillars, chequers_big_river

Skill      XL: |  1  2 |
---------------+-------+-----
Ranged Weapons | 3 |  3.3
Fighting       | 2 |  2.0
Dodging        | |  2.1
Spellcasting   | |  1.0
Hexes          | |  2.0

Action                     || total
---------------------------++-------
   Fire: Sling             ||    58
    Use: Scroll            ||     2
 Armour: Robe              ||     3
         Ring mail         ||    29
  Dodge: Dodged            ||    32

Table legend:
 A = Non-vault XP
 B = Vault XP
 C = Vault XP percentage of total XP
 D = Non-vault monster count
 E = Vault monster count
 F = Vault count percentage of total count
                 A         B        C        D         E       F
            +---------+---------+-------+---------+---------+-------
      Total |      33 |       0 |   0.0 |      21 |       0 |   0.0
            +---------+---------+-------+---------+---------+-------
        D:1 |      27 |       0 |   0.0 |      18 |       0 |   0.0
        D:2 |       6 |       0 |   0.0 |       3 |       0 |   0.0
            +---------+---------+-------+---------+---------+-------
